 Dungeon Crawl Stone Soup version 0.27-a0-906-g0a00ce8 (webtiles) character file.

Game seed: 9695554824514655776

2 Nithhogg the Skirmisher (level 1, -1/18 HPs)
             Began as a Demonspawn Fighter on Apr 7, 2021.
             Slain by a jackal (2 damage)
             ... on level 1 of the Dungeon.
             The game lasted 00:00:09 (30 turns).

Nithhogg the Skirmisher (Demonspawn Fighter)          Turns: 30, Time: 00:00:09

Health: -1/18      AC:  6    Str: 16    XL:     1   Next: 33%
Magic:  1/1        EV:  6    Int:  9    God:
Gold:   0          SH:  8    Dex: 12    Spells: 0/0 levels left

rFire    . . .     SeeInvis .   a - +0 long sword
rCold    . . .     Faith    .   c - +0 kite shield
rNeg     . . .     Spirit   .   b - +0 scale mail
rPois    .         Reflect  .   (no helmet)
rElec    .         Harm     .   (no cloak)
rCorr    .         Rampage  .   (no gloves)
Will     .....                  (no boots)
Stlth    ..........             (no amulet)
HPRegen  0.06/turn              (no ring)
MPRegen  0.07/turn              (no ring)

@: no status effects
A: no striking features
a: no special abilities


You were on level 1 of the Dungeon.
You visited 1 branch of the dungeon, and saw 1 of its levels.

Inventory:

Hand Weapons
 a - a +0 long sword (weapon)
Armour
 b - a +0 scale mail (worn)
 c - a +0 kite shield (worn)
Potions
 d - a potion of might


   Skills:
 + Level 3.0 Fighting
 + Level 1.8 Long Blades
 + Level 2.7 Armour
 + Level 0.1 Dodging
 + Level 2.7 Shields
 + Level 0.2 Invocations


You couldn't memorise any spells.
You didn't know any spells.
Your spell library was empty.

Dungeon Overview and Level Annotations

Branches:
Dungeon (1/15)

Altars:


Message History

You hit the jackal.
The jackal is lightly wounded.
The jackal bites you but does no damage. x4
You block the jackal's attack.
You closely miss the jackal. You block the jackal's attack.
The jackal bites you but does no damage. x3
You barely miss the jackal.
The jackal bites you but does no damage.
The jackal bites you.
The jackal bites you but does no damage.
You block the jackal's attack.
Your scale mail prevents you from hitting the jackal.
You block the jackal's attack. x2; The jackal bites you.
The jackal bites you but does no damage.
You hit the jackal but do no damage. You block the jackal's attack.
The jackal bites you.
The jackal bites you but does no damage.
The jackal bites you.
* * * LOW HITPOINT WARNING * * *
The jackal bites you.
* * * LOW HITPOINT WARNING * * *
You hit the jackal.
The jackal is moderately wounded.
You block the jackal's attack.
The jackal bites you but does no damage. x3
You hit the jackal but do no damage.
The jackal is moderately wounded.
The jackal bites you but does no damage.
The jackal barely misses you. The jackal closely misses you.
The jackal bites you.
* * * LOW HITPOINT WARNING * * *
You hit the jackal.
You kill the jackal!
The jackal bites you.
* * * LOW HITPOINT WARNING * * *
You block the jackal's attack. You block the jackal's attack.
You see here a jackal corpse.
The jackal bites you.
You die...

######
#...<#
#...##h##
#.. #@.##
. ##..#
#..#
##..#
#..##
#....#
#....##
......#
.....#


You could see a jackal.

Vanquished Creatures
  2 jackals (D:1)
2 creatures vanquished.

Notes
Turn   | Place    | Note
-------+----------+-------------------------------------------
     0 | D:1      | Nithhogg the Demonspawn Fighter began the quest for the
                  | Orb.
     0 | D:1      | Reached XP level 1. HP: 18/18 MP: 1/1
    30 | D:1      | Slain by a jackal

Illustrated notes

Levels and vault maps discovered:
D:1:      dpeg_arrival_round_b, layout_basic, basic_ecumenical_altar,
          minmay_liquid_box, serial_bayou_pond_e

Action                   || total
-------------------------++-------
Melee: Long sword        ||    15
Armor: Scale mail        ||    31
Dodge: Dodged            ||    10
Block: Kite shield       ||    20
       Rpst.: Long sword ||     2

Table legend: (Time is in decaauts)
 A = Elapsed time spent in this place.
 B = Non-inter-level travel time spent in this place.
 C = Inter-level travel time spent in this place.
 D = Time resting spent in this place.
 E = Time spent auto-exploring this place.
 F = Levels seen in this place.
 G = Mean time per level.
                   A        B        C        D        E       F      G
               +--------+--------+--------+--------+--------+-----+--------+
         Total |     38 |     38 |      0 |      0 |      4 |   1 |   38.0 |
       Dungeon |     38 |     38 |      0 |      0 |      4 |   1 |   38.0 |
               +--------+--------+--------+--------+--------+-----+--------+

Top non-repeatable levels by time:
     D:1: 38 daAuts
